 Dungeon Crawl Stone Soup version 0.31-a0-152-g6aa68a64a1 (webtiles) character file.

Game seed: 5447430999407796165

819 qw the Skirmisher (level 7, -1/61 HPs)
             Began as a Minotaur Hunter on June 10, 2023.
             Slain by an orc
             ... wielding a +0 whip
              (4 damage)
             ... on level 5 of the Dungeon.
             The game lasted 00:01:43 (3202 turns).

qw the Skirmisher (Minotaur Hunter)                 Turns: 3202, Time: 00:01:44

Health: -1/61      AC:  7    Str: 15    XL:     7   Next: 63%
Magic:  6/6        EV: 12    Int:  6    God:
Gold:   218        SH:  0    Dex: 16    Spells: 6/6 levels left

rFire   . . .        Y - +1 shortbow
rCold   . . .        (shield currently unavailable)
rNeg    . . .        d - +0 ring mail
rPois   .            (helmet restricted)
rElec   .            (no cloak)
rCorr   .            k - +0 pair of gloves
SInv    .            e - +0 pair of boots
Will    +....        (no amulet)
Stlth   +            g - ring of willpower
HPRegen 0.30/turn    (no ring)
MPRegen 0.10/turn

%: no passive effects
@: no status effects
A: horns 2, retaliatory headbutt
a: no special abilities


You were on level 5 of the Dungeon.
You visited 1 branch of the dungeon, and saw 5 of its levels.

You collected 260 gold pieces.
You spent 42 gold pieces at shops.


Innate Abilities, Weirdness & Mutations

You have a pair of horns on your head.
You reflexively headbutt those who attack you in melee.


   Skills:
 + Level 5.2 Fighting
 - Level 9.0 Ranged Weapons
 - Level 2.0 Armour
 - Level 3.2 Dodging
 - Level 0.7 Stealth


You had 6 spell levels left.
You didn't know any spells.
Your spell library was empty.

Inventory:

Hand Weapons
 Y - a +1 shortbow (weapon)
Armour
 d - a +0 ring mail (worn)
 e - a +0 pair of boots (worn)
 k - a +0 pair of gloves (worn)
Jewellery
 g - a ring of willpower (left hand)
Scrolls
 c - a scroll of identify
Potions
 b - a potion of heal wounds {unknown}
 h - a potion of enlightenment {unknown}
 i - 4 potions of curing
 j - a potion of haste {unknown}
 m - a potion of brilliance {unknown}

Dungeon Overview and Level Annotations

Branches:
Dungeon (5/15)
 Temple: D:4-7

Altars:
Makhleb
Nemelex Xobeh
The Shining One

Shops:
D:1 (((!


Message History

The orc hits you with a +0 whip.
The orc wizard casts a spell.
The orc wizard flickers and vanishes!
Deactivating autopickup; reactivate with Ctrl-A.
The orc priest hits you with a +0 whip.
You shoot an arrow. The arrow barely misses the orc priest.
Your surroundings seem slightly different.
Enter note: You shoot an arrow.
The arrow hits the orc.
The orc is moderately wounded.
You shoot an arrow.
The arrow hits the orc priest but does no damage.
The orc priest is heavily wounded.
You shoot an arrow. The arrow hits the orc priest.
The orc priest is almost dead.
A magic dart appears from out of thin air!
The magic dart hits you but does no damage.
You shoot an arrow.
The arrow closely misses the orc priest.
The arrow hits the orc.
The orc is severely wounded.
You shoot an arrow.
The arrow closely misses the orc priest.
The arrow hits the orc but does no damage.
The orc is severely wounded.
The orc priest hits you with a +0 whip.
You shoot an arrow.
The arrow closely misses the orc priest.
The arrow barely misses the orc.
The orc priest closely misses you. You furiously retaliate!
You headbutt the orc priest. You shoot an arrow.
The arrow barely misses the orc priest.
The arrow hits the orc.
The orc is severely wounded.
The orc priest hits you with a +0 whip. The orc hits you with a +0 whip.
You shoot an arrow. The arrow hits the orc priest.
You kill the orc priest!
Something hits you but does no damage. The orc hits you but does no damage.
The orc hits you with a +0 whip.
You die... #. o###### oc....

...o .o. #### #.# ######
#
#..########)###....##..#
#....#.....)...........#
#....#....)....)@......#
.....#.........oo......#
.....#.................#
...........¤¤¤.........#
#....¤¤~~~¤~¤.###..##..#
#...¤¤~~~~~.¤¤.# ..# .#
#...¤¤~_..).8..# ... #
#....~~~¤~~..¤.+ ...#
#.....~~~¤~~~..


You could see 2 orcs.

Vanquished Creatures
  Sigmund (D:3)
  A black bear (D:4)
  An orc warrior (D:5)
  An ogre (D:3)
  A phantom (D:5)
  A centaur (D:5)
  2 hounds
  3 orc priests
  Robin (D:4)
  3 worms
  8 orcs
  5 bats
  8 endoplasms
  4 giant cockroaches
  15 goblins
  8 hobgoblins
  3 jackals (D:2)
  5 quokkas
  3 ball pythons
  5 frilled lizards
  6 kobolds
  6 rats
91 creatures vanquished.

Notes
Turn   | Place    | Note
-------+----------+-------------------------------------------
     0 | D:1      | qw the Minotaur Hunter began the quest for the Orb.
     0 | D:1      | Reached XP level 1. HP: 18/18 MP: 0/0
     0 | D:1      | 0 ||| qw: Version: 0.2-a-122-gbc61b45
     0 | D:1      | 0 ||| qw: Game counter: 3603
     0 | D:1      | 0 ||| qw: Always use a shield: true
     0 | D:1      | 0 ||| qw: God list: Okawaru
     0 | D:1      | 0 ||| qw: Allow faded altars: false
     0 | D:1      | 0 ||| qw: Do Orc after D:15 true
     0 | D:1      | 0 ||| qw: Do second Lair branch before Depths: true
     0 | D:1      | 0 ||| qw: Lair rune preference: random
     0 | D:1      | 0 ||| qw: Plans: Normal
     0 | D:1      | 0 ||| PLANNING D:1-11
   109 | D:1      | Found Efutenwo's Weapon Shoppe.
   237 | D:1      | Found Ablefud's Weapon Shoppe.
   239 | D:1      | Reached XP level 2. HP: 25/25 MP: 1/1
   317 | D:1      | Found Jen Cyh's Weapon Emporium.
   322 | D:1      | 322 ||| SHOPLISTING +3 sling of Indignation {heavy, *Slow
                  | Str+8 Int+4 Stlth+} (612 gold, have 13).
   427 | D:1      | Reached skill level 5 in Ranged Weapons
   560 | D:1      | Found Migyun's Distillery.
   565 | D:1      | 565 ||| SHOPLISTING 2 potions of might (112 gold, have 44).
   565 | D:1      | 565 ||| BUYING potion of curing (42 gold).
   565 | D:1      | Bought a potion of curing for 42 gold pieces
   565 | D:1      | 565 ||| SHOPLISTING potion of curing (42 gold, have 2).
   565 | D:1      | 565 ||| SHOPLISTING potion of haste (140 gold, have 2).
   565 | D:1      | 565 ||| SHOPLISTING potion of heal wounds (70 gold, have
                  | 2).
   754 | D:1      | 754 ||| UPGRADING to +0 ring mail.
   764 | D:1      | 764 ||| DROPPING +0 leather armour.
   765 | D:1      | 765 ||| UPGRADING to +0 pair of gloves.
   770 | D:1      | 770 ||| DROPPING +6 ring of intelligence.
   771 | D:1      | 771 ||| READING scroll labelled QIMYRA QYEQOLLEE.
   772 | D:1      | 772 ||| READING scroll labelled HISANTATR FAWNUE.
   773 | D:1      | 773 ||| READING scroll labelled WOCEURRYZEX.
   774 | D:1      | 774 ||| DROPPING scroll of butterflies.
   850 | D:2      | Reached skill level 1 in Armour
   868 | D:2      | Reached skill level 3 in Fighting
   883 | D:2      | Reached XP level 3. HP: 26/31 MP: 2/2
  1360 | D:2      | 1360 ||| UPGRADING to +0 pair of boots.
  1365 | D:2      | 1365 ||| UPGRADING to ring of willpower.
  1655 | D:3      | Found a faded altar of an unknown god.
  1763 | D:3      | Noticed Sigmund
  1764 | D:3      | 1764 ||| READING scroll labelled EMPOLE CADDIXA.
  1766 | D:3      | 1766 ||| Stepping randomly (disturbance).
  1768 | D:3      | 1768 ||| Stepping randomly (disturbance).
  1769 | D:3      | 1769 ||| Stepping randomly (disturbance).
  1770 | D:3      | 1770 ||| Stepping randomly (disturbance).
  1771 | D:3      | 1771 ||| Stepping randomly (disturbance).
  1772 | D:3      | 1772 ||| Stepping randomly (disturbance).
  1786 | D:3      | 1786 ||| READING 2 scrolls labelled LIELOPLIUH.
  1974 | D:3      | 1974 ||| READING 2 scrolls of identify.
  1974 | D:3      | 1974 ||| IDENTIFYING smoky pink potion
  1975 | D:3      | 1975 ||| DROPPING potion of lignification.
  2045 | D:3      | 2045 ||| Stepping randomly (stuck).
  2090 | D:4      | Noticed an ogre
  2093 | D:4      | 2093 ||| STAIRDANCE
  2096 | D:3      | Killed an ogre
  2097 | D:3      | Reached skill level 6 in Ranged Weapons
  2097 | D:3      | Reached XP level 4. HP: 14/38 MP: 3/3
  2097 | D:3      | Reached XP level 5. HP: 17/45 MP: 4/4
  2300 | D:4      | Noticed a black bear
  2301 | D:4      | 2301 ||| FLEEEEING.
  2302 | D:4      | 2302 ||| FLEEEEING.
  2314 | D:4      | Killed a black bear
  2419 | D:4      | 2419 ||| STAIRDANCE
  2439 | D:3      | Killed Sigmund
  2440 | D:3      | Reached skill level 7 in Ranged Weapons
  2440 | D:3      | Reached XP level 6. HP: 40/55 MP: 5/5
  2493 | D:4      | 2493 ||| STAIRDANCE
  2497 | D:4      | 2497 ||| STAIRDANCE
  2501 | D:4      | 2501 ||| STAIRDANCE
  2505 | D:4      | 2505 ||| STAIRDANCE
  2509 | D:4      | 2509 ||| STAIRDANCE
  2513 | D:4      | 2513 ||| STAIRDANCE
  2517 | D:4      | 2517 ||| STAIRDANCE
  2521 | D:4      | 2521 ||| STAIRDANCE
  2525 | D:4      | 2525 ||| STAIRDANCE
  2529 | D:4      | 2529 ||| STAIRDANCE
  2533 | D:4      | 2533 ||| STAIRDANCE
  2537 | D:4      | 2537 ||| STAIRDANCE
  2541 | D:4      | 2541 ||| STAIRDANCE
  2545 | D:4      | 2545 ||| STAIRDANCE
  2549 | D:4      | 2549 ||| STAIRDANCE
  2553 | D:4      | 2553 ||| STAIRDANCE
  2557 | D:4      | 2557 ||| STAIRDANCE
  2561 | D:4      | 2561 ||| STAIRDANCE
  2574 | D:3      | Found a burning altar of Makhleb.
  2659 | D:4      | Found a sparkling altar of Nemelex Xobeh.
  2677 | D:4      | Noticed Robin
  2693 | D:4      | Killed Robin
  2741 | D:4      | Identified the +8 spear "Hitayh" {venom, Dex+3}
  2898 | D:4      | 2898 ||| Stepping ~*~*~tactically~*~*~ (outnumbered).
  2916 | D:4      | Reached skill level 8 in Ranged Weapons
  2918 | D:4      | Reached XP level 7. HP: 27/61 MP: 6/6
  3036 | D:4      | 3036 ||| DRINKING 2 coppery potions.
  3037 | D:4      | 3037 ||| DROPPING potion of attraction.
  3062 | D:5      | Entered Level 5 of the Dungeon
  3087 | D:5      | Reached skill level 3 in Dodging
  3153 | D:5      | Found a glowing golden altar of the Shining One.
  3166 | D:5      | 3166 ||| Stepping ~*~*~tactically~*~*~ (outnumbered).
  3182 | D:5      | 3182 ||| Stepping ~*~*~tactically~*~*~ (outnumbered).
  3188 | D:5      | Reached skill level 9 in Ranged Weapons
  3189 | D:5      | HP: 15/61 [orc priest/divine providence (9)]
  3190 | D:5      | 3190 ||| READING scroll of teleportation.
  3199 | D:5      | HP: 10/61 [orc priest/+0 whip (2)]
  3201 | D:5      | HP: 3/61 [orc/+0 whip (2)]
  3202 | D:5      | Slain by an orc

Levels and vault maps discovered:
D:1:      lemuel_arrival_cross, layout_loops_corners, serial_shops,
          nicolae_shop_trees, nicolae_shop_rolling_square,
          nicolae_shop_peninsula, shop, minmay_split_cup_large
D:2:      layout_basic, hangedman_decor_peaks_small, grunt_ministairs_1
D:3:      layout_rooms, nicolae_overflow_ecumenical_swirl, uniq_sigmund
D:4:      layout_rooms, nemelex_diamond_rough_becter, uniq_robin
D:5:      layout_gridville, mainiacjoe_overflow_catwalk,
          minmay_temple_entry_hall, minmay_hollow_rounded_squares

Skill      XL: |  1  2  3  4  5  6  7 |
---------------+----------------------+-----
Ranged Weapons | 5 6 7 8 9 |  9.0
Armour         | 1 2 |  2.0
Fighting       | 3 4 5 |  5.2
Dodging        | 3 |  3.2
Stealth        | |  0.7

Action                     |  1- 3 |  4- 6 |  7- 9 || total
---------------------------+-------+-------+-------++-------
   Fire: Shortbow          |   137 |   106 |    48 ||   291
    Use: Scroll            |     6 |       |     1 ||     7
         Potion            |       |       |     1 ||     1
 Armour: Leather armour    |    10 |       |       ||    10
         Ring mail         |    11 |    30 |    21 ||    62
  Dodge: Dodged            |    31 |    34 |    25 ||    90

Table legend:
 A = Non-vault XP
 B = Vault XP
 C = Vault XP percentage of total XP
 D = Non-vault monster count
 E = Vault monster count
 F = Vault count percentage of total count
                 A         B        C        D         E       F
            +---------+---------+-------+---------+---------+-------
      Total |     934 |     280 |  23.1 |      72 |      19 |  20.9
            +---------+---------+-------+---------+---------+-------
        D:1 |      22 |       5 |  18.5 |      13 |       4 |  23.5
        D:2 |      35 |       7 |  16.7 |      19 |       2 |   9.5
        D:3 |     132 |     231 |  63.6 |      13 |       1 |   7.1
        D:4 |     298 |      37 |  11.0 |      19 |      12 |  38.7
        D:5 |     447 |       0 |   0.0 |       8 |       0 |   0.0
            +---------+---------+-------+---------+---------+-------
